 Dungeon Crawl Stone Soup version 0.22-a0-142-g91cc6d715c (console) character file.

212 Helmos the Chopper (level 5, -6/47 HPs)
             Began as a Hill Orc Fighter on Feb 5, 2018.
             Killed by nerve-wracking pain
             ... invoked by an orc priest
              (9 damage)
             ... on level 4 of the Dungeon.
             The game lasted 00:15:26 (1730 turns).

Helmos the Chopper (Hill Orc Fighter)               Turns: 1730, Time: 00:15:26

Health: -6/47      AC:  8    Str: 25    XL:     5   Next: 89%
Magic:  5/5        EV:  8    Int:  8    God:
Gold:   112        SH: 10    Dex: 10    Spells: 4/4 levels left

rFire    . . .     SeeInvis .   a - +0 war axe
rCold    . . .     Gourm    .   c - +0 shield
rNeg     . . .     Faith    .   b - +0 scale mail
rPois    .         Spirit   .   q - +0 helmet
rElec    .         Reflect  .   (no cloak)
rCorr    .         Harm     .   (no gloves)
MR       .....                  (no boots)
Stlth    ..........             (no amulet)
HPRegen  0.15/turn              (no ring)
MPRegen  0.09/turn              (no ring)

@: mighty
A: no striking features
a: Convert to Beogh


You were on level 4 of the Dungeon.
You were full.

You visited 1 branch of the dungeon, and saw 4 of its levels.

You collected 112 gold pieces.

Inventory:

Hand Weapons
 a - a +0 war axe (weapon)
 h - a +0 whip
 i - a +0 dagger
 p - a +0 dagger
Missiles
 e - 12 poisoned needles
 k - 75 stones (quivered)
 n - 10 sling bullets
Armour
 b - a +0 scale mail (worn)
 c - a +0 shield (worn)
 j - a +0 robe
 o - a +0 ring mail
 q - a +0 helmet (worn)
 r - a +0 leather armour
Scrolls
 g - a scroll of enchant armour {unknown}
 l - a scroll of identify {unknown}
 m - a scroll of magic mapping {unknown}
 t - a scroll of random uselessness {unknown}
 u - 2 scrolls of teleportation {unknown}
 v - a scroll of amnesia {unknown}
Comestibles
 f - 3 rations


   Skills:
 + Level 4.9 Fighting
 + Level 5.6 Axes
 + Level 3.8 Armour
 + Level 0.6 Dodging
 + Level 3.9 Shields


You had 4 spell levels left.
You didn't know any spells.

Dungeon Overview and Level Annotations

Branches:
Dungeon (4/15)
 Temple: D:4-7

Altars:
Elyvilon


Message History

You block the orc priest's attack.
The orc priest shouts, "Join the one true god or die!"
You slash the orc priest!
The orc priest is almost dead.
The orc priest hits you but does no damage. x2
You barely miss the orc priest.
The orc priest is almost dead.
The orc priest calls down the wrath of Beogh upon you.
Pain shoots through your body!
* * * LOW HITPOINT WARNING * * *
You are too injured to fight recklessly!
You feel very mighty all of a sudden.
The orc priest mumbles some strange prayers to Beogh against you.
Beogh smites you!
* * * LOW HITPOINT WARNING * * *
You are too injured to fight recklessly!
You eat one of the 4 rations.
That ration really hit the spot!
The orc priest invokes the aid of Beogh against you.
Pain shoots through your body!
You die...

######## .......
#....# #)o..# #@...#
#####....#
#........########
....#........#.......
....####.............
###... #)............
#..... #.####........
.....###.####........
#....#.............


You could see an orc priest.

Vanquished Creatures
  An orc priest (D:3)
  A hound (D:3)
  An iguana (D:4)
  2 orc wizards (D:3)
  2 worms
  A dart slug (D:3)
  10 orcs
  4 giant cockroaches
  3 hobgoblins
  6 jackals
  11 kobolds
  2 quokkas
  6 bats
  4 frilled lizards
  4 goblins
  6 rats
64 creatures vanquished.

Vanquished Creatures (others)
  An orc wizard (D:4)
  A worker ant (D:4)
  A giant cockroach (D:4)
3 creatures vanquished.

Grand Total: 67 creatures vanquished

Notes
Turn   | Place    | Note
-------+----------+-------------------------------------------
     0 | D:1      | Helmos the Hill Orc Fighter began the quest for the Orb.
     0 | D:1      | Reached XP level 1. HP: 19/19 MP: 1/1
   119 | D:1      | Reached XP level 2. HP: 21/27 MP: 2/2
   575 | D:2      | Found a faded altar of an unknown god.
   581 | D:2      | Reached skill level 3 in Axes
   597 | D:2      | Reached XP level 3. HP: 33/33 MP: 3/3
   884 | D:2      | You fall through a shaft!
   898 | D:3      | Reached skill level 4 in Axes
   898 | D:3      | Reached XP level 4. HP: 36/40 MP: 4/4
   971 | D:3      | Reached XP level 5. HP: 46/47 MP: 5/5
  1069 | D:3      | Reached skill level 5 in Axes
  1179 | D:3      | Found a white marble altar of Elyvilon.
  1730 | D:4      | Killed from afar by an orc priest

Vault maps used:
D:1:      evilmike_arrival_run_for_it, serial_park_tiny_2, minmay_hexomino_f4
D:2:      chequers_ecumenical_altar_simple_redux, uniq_natasha
D:3:      elyvilon_altar_1
D:4:      kennysheep_goblin_castle, xom_confusion_cloud, hangedman_decor_push

Skill      XL: |  1  2  3  4  5 |
---------------+----------------+-----
Fighting       | 4 |  4.9
Axes           | 3 4 5 |  5.6
Armour         | |  3.8
Dodging        | |  0.6
Shields        | |  3.9

Action                   |  1- 3 |  4- 6 || total
-------------------------+-------+-------++-------
Melee: War axe           |   128 |    70 ||   198
  Use: Potion            |     1 |     2 ||     3
  Eat: Chunk             |       |     1 ||     1
       Ration            |       |     2 ||     2
Armor: Scale mail        |    66 |    28 ||    94
Dodge: Dodged            |    51 |    16 ||    67
Block: Shield            |    71 |    37 ||   108

Table legend:
 A = Spawn XP
 B = Non-spawn XP
 C = Spawn XP percentage of total XP
 D = Spawn monster count
 E = Non-spawn monster count
 F = Spawn count percentage of total count
 G = Total turns spent on level
                    A         B        C        D         E        F      G
               +---------+---------+-------+---------+---------+-------+---------
         Total |       0 |     303 |   0.0 |       0 |      64 |   0.0 |  1730
               +---------+---------+-------+---------+---------+-------+---------
           D:1 |       0 |      30 |   0.0 |       0 |      19 |   0.0 |   569
           D:2 |       0 |      33 |   0.0 |       0 |      18 |   0.0 |   315
           D:3 |       0 |     193 |   0.0 |       0 |      23 |   0.0 |   800
           D:4 |       0 |      47 |   0.0 |       0 |       4 |   0.0 |    46
               +---------+---------+-------+---------+---------+-------+---------
